AoeStats
← 89sokol89

Arabia

509105641Analyzed
1v1 RM · 7d ago on Sep 25, 2026· 40m 47s· 2 players
Game mode
Random Map
Map size
Tiny (2 player)
Population
200
Speed
Normal
Resources
Standard
Victory
Conquest
Starting age
Dark Age
Ending age
Imperial Age
RankedLock teamsTeams togetherTeam positionsShared explorationLock speedFull tech treeHidden civsTurbo modeCheats
Victory
Defeat
🇧🇷 Varangians · Brazil
1265
+15
🇷🇺 Saxons · Russia
1240
-15
89sokol89
10:04 Feudal Age
10:55 Double-Bit Axe
12:09 Man-at-Arms
13:26 Loom
14:16 Wheelbarrow
14:32 Horse Collar
18:13 Arson
28:58 Castle Age
30:00 Bow Saw
29:29 Pikeman
30:12 Squires
29:57 Gambesons
30:16 Scale Mail Armor
30:27 Forging
30:24 Heavy Plow
32:50 Iron Casting
32:31 Chain Mail Armor
36:29 Fletching
37:25 Bodkin Arrow
37:30 Padded Archer Armor
39:54 Hand Cart
BoneWizard
7:59 Loom
10:14 Feudal Age
11:00 Double-Bit Axe
10:57 Horse Collar
12:49 Bloodlines
16:50 Forging
17:40 Scale Barding Armor
20:52 Gold Mining
25:30 Castle Age
25:26 Stone Mining
25:25 Arson
26:21 Wheelbarrow
26:46 Bow Saw
26:37 Heavy Plow
27:14 Stone Shaft Mining
27:17 Iron Casting
27:03 Chain Barding Armor
26:46 Husbandry
30:03 Stone Shaft Mining
30:58 Hand Cart
30:29 Town Watch
34:42 Fervor
35:35 Fletching
39:49 Imperial Age
39:24 Squires
41:30 Two-Man Saw
41:02 Crop Rotation
41:35 Blast Furnace
41:11 Plate Barding Armor
41:00 Conscription
40:24 Elite Jarl
Connection lost

Rejoining the realm…

Still unreachable

The connection could not be restored.

Session expired

The server has moved on; the page needs a fresh start.